Map: [ESL] Dragon Scales

Players

GuMiho - Winner!

  • Race: Terran Terran
  • Spawn Location: 5:00

Has

  • Race: Protoss Protoss
  • Spawn Location: 11:00

Event: ESL SC2 Masters 2023 Summer (Finals)

VOD

Have the link to the VOD?

Description

Time

  • Played on: June 16, 2023, 12:41 p.m.
  • Length: 6:39

All games in this series

Show
View Real Time Build Order
Export as new Build Order

GuMiho Terran - Winner!

Build Orders:  

Get SALT Encoding   

  12  0:00  SCV  
  13  0:12  SCV  
  14  0:16  Supply Depot  
  14  0:24  SCV  
  15  0:38  SCV  
  15  0:39  Barracks  
  16  0:43  Refinery  
  16  0:50  SCV  
  16  0:52  Refinery  
  17  1:02  SCV  
  18  1:14  SCV  
  19  1:26  Orbital Command, Reaper  
  20  1:37  Supply Depot  
  20  1:40  Factory  
  20  1:52  SCV  
  21  1:58  Reaper  
  22  2:04  SCV  
  23  2:16  SCV  
  23  2:19  Command Center  
  24  2:23  Widow Mine  
  24  2:29  Supply Depot  
  26  2:30  SCV  
  26  2:33  Barracks Reactor  
  27  2:42  SCV  
  28  2:44  Widow Mine  
  28  2:48  Starport  
  30  2:54  SCV  
  31  3:06  Widow Mine, SCV  
  31  3:11  Marine x2  
  36  3:18  SCV  
  37  3:25  Medivac  
  39  3:29  Marine  
  39  3:30  Marine  
  39  3:31  Widow Mine, Orbital Command  
  39  3:33  SCV  
  43  3:45  SCV, Supply Depot  
  43  3:46  Marine  
  43  3:48  Marine  
  45  3:52  Factory Tech Lab  
  45  3:55  Starport Tech Lab  
  46  3:57  SCV x2  
  48  4:04  Marine  
  48  4:06  Marine  
  50  4:11  Siege Tank  
  50  4:12  SCV x2  
  50  4:14  Raven  
  56  4:22  Marine  
  56  4:24  Marine, SCV x2  
  60  4:35  Bunker  
  60  4:36  SCV  
  60  4:37  SCV  
  60  4:40  Marine  
  60  4:42  Marine, Supply Depot  
  60  4:44  Bunker  
  60  4:46  Supply Depot  
  60  4:49  SCV  
  60  4:50  SCV  
  62  5:01  Supply Depot  
  62  5:03  Marine, Viking, Siege Tank, SCV x2  
  62  5:04  Supply Depot  
  70  5:07  Marine  
  70  5:10  Supply Depot  
  70  5:12  Barracks  
  71  5:18  SCV x2  
  71  5:21  Marine  
  71  5:31  SCV x2  
  76  5:35  Siege Tank  
  76  5:37  Viking  
  76  5:40  Supply Depot  
  78  5:45  SCV x2  
  80  5:57  SCV x2  
  82  6:04  Marine x2  
  82  6:09  SCV x2  
  76  6:22  SCV  
Show
View Real Time Build Order
Export as new Build Order

Has Protoss 

Build Orders: 1 Gate Expand, Blink Stalkers 

Get SALT Encoding   

  12  0:00  Probe  
  13  0:12  Probe  
  14  0:17  Pylon  
  14  0:24  Probe (Chrono Boost)  
  15  0:35  Gateway  
  15  0:38  Probe (Chrono Boost)  
  15  0:42  Assimilator  
  16  0:46  Probe (Chrono Boost)  
  17  0:53  Probe  
  18  1:05  Probe  
  19  1:17  Probe  
  20  1:22  Cybernetics Core  
  20  1:34  Nexus  
  20  1:41  Probe  
  20  1:45  Assimilator  
  22  1:55  Pylon  
  22  1:56  Stalker (Chrono Boost)  
  23  2:01  Warp Gate  
  23  2:13  Probe  
  23  2:23  Twilight Council  
  23  2:25  Probe  
  24  2:35  Stalker  
  26  2:37  Probe  
  27  2:48  Probe  
  27  2:49  Probe  
  27  2:50  Robotics Facility  
  29  3:00  Probe  
  29  3:01  Probe  
  31  3:09  Blink (Chrono Boost)  
  31  3:12  Probe  
  32  3:13  Gateway  
  32  3:20  Probe  
  34  3:32  Gateway  
  33  3:35  Gateway  
  33  3:37  Observer (Chrono Boost)  
  33  3:40  Probe x2  
  36  3:50  Warp Prism (Chrono Boost)  
  38  3:56  Stalker  
  40  4:03  Probe  
  40  4:04  Pylon  
  40  4:09  Stalker  
  43  4:13  Pylon  
  43  4:20  Stalker  
  39  4:39  Stalker  
  39  4:52  Stalker x2  
  42  5:02  Probe  
  42  5:05  Stalker  
  42  5:06  Zealot  
  47  5:15  Stalker  
  47  5:19  Stalker  
  48  5:30  Stalker  
  49  5:54  Stalker x2  
  53  5:59  Probe  
  53  6:03  Observer  
  47  6:13  Zealot  
  47  6:14  Zealot  
  49  6:21  Stalker  
  51  6:26  Zealot  
Tags
 
Add a new tag
Caveats
  • Supply blocks, unpowered buildings, or Contaminate may cause inaccurate times.
  • Supply counts are checked every 10 seconds.